 Dungeon Crawl Stone Soup version 0.31.0-11-ge490571c62 (webtiles) character file.

Game seed: 7134988424734066437

45691 sanka the Bludgeoner (level 14, -19/130 HPs)
             Began as a Minotaur Fighter on Jan 27, 2024.
             Was a High Priest of the Shining One.
             Demolished by a large abomination (21 damage)
             ... on level 4 of the Abyss.
             The game lasted 00:22:49 (13431 turns).

sanka the Bludgeoner (Minotaur Fighter)            Turns: 13431, Time: 00:22:49

Health: -19/130    AC: 14    Str: 21    XL:     14   Next: 2%
Magic:  13/16      EV: 14    Int:  5    God:    the Shining One [*****.]
Gold:   867        SH: 17    Dex: 15    Spells: 13/13 levels left

rFire   . . .        a - +4 morningstar
rCold   . . .        u - +0 kite shield
rNeg    + + .        b - +0 swamp dragon scales
rPois   +            (helmet restricted)
rElec   .            y - +0 cloak
rCorr   .            (no gloves)
SInv    .            t - +0 pair of boots
Will    +....        s - amulet of reflection
Stlth   +            O - ring of poison resistance
HPRegen 0.41/turn    (no ring)
MPRegen 0.15/turn

%: reflection
@: attractive, glowing
A: horns 2, retaliatory headbutt
a: Renounce Religion, Divine Shield, Cleansing Flame, Summon Divine Warrior


You were on level 4 of the Abyss.
You worshipped the Shining One.
The Shining One was extremely pleased with you.
You visited 2 branches of the dungeon, and saw 13 of its levels.
You visited the Abyss 1 time.
You also visited: Bailey.

You collected 867 gold pieces.


Innate Abilities, Weirdness & Mutations

You have a pair of horns on your head.
You reflexively headbutt those who attack you in melee.


   Skills:
 + Level 13.8 Fighting
 - Level 16.0 Maces & Flails
 + Level 13.7 Armour
 + Level 8.6 Dodging
 + Level 11.0 Shields
 - Level 5.0 Invocations


You had 13 spell levels left.
You didn't know any spells.
Your spell library contained the following spells:

 Spells                   Type           Power      Damage    Failure   Level
 Freeze                   Ice            0%         1d3       80%         1
 Frozen Ramparts          Ice            0%         1d1       99%         3
 Hailstorm                Conj/Ice       0%         3d5       99%         3
 Summon Ice Beast         Ice/Summ       0%         N/A       99%         3
 Cause Fear               Hex            0%         N/A       100%        4
 Fireball                 Conj/Fire      0%         3d3       100%        5
 Summon Mana Viper        Hex/Summ       0%         N/A       100%        5
 Monstrous Menagerie      Summ           0%         N/A       100%        7
 Chain Lightning          Conj/Air       0%         N/A       100%        9
 Dragon's Call            Summ           0%         N/A       100%        9
 Fire Storm               Conj/Fire      0%         5d1       100%        9
 Shatter                  Erth           0%         3d5*      100%        9

Inventory:

Hand Weapons
 a - a +4 morningstar (weapon)
 g - a +0 broad axe
 A - a +0 scimitar of flaming
Missiles
 M - 2 curare-tipped darts {=f}
Armour
 b - +0 swamp dragon scales (worn)
 o - a scarf of repulsion
 t - a +0 pair of boots (worn)
 u - a +0 kite shield (worn)
 x - a +2 ring mail of fire resistance
 y - a +0 cloak (worn)
Jewellery
 s - an amulet of reflection (around neck)
 B - an amulet of faith
 O - a ring of poison resistance (left hand)
Wands
 c - a wand of flame (29)
 H - a wand of charming (17)
 J - a wand of digging (7)
Scrolls
 h - 2 scrolls of fog
 j - 5 scrolls of fear
 k - a scroll of enchant weapon {unknown}
 l - 2 scrolls of amnesia {unknown}
 p - 2 scrolls of revelation
 C - 2 scrolls of immolation {!r}
 D - 2 scrolls of enchant armour
 E - a scroll of torment {unknown}
 F - a scroll of vulnerability {unknown}
 I - a scroll of noise {unknown}
 K - 2 scrolls of teleportation {@r4}
 N - a scroll of summoning {unknown}
Potions
 e - 3 potions of cancellation {unknown}
 f - a potion of lignification {unknown}
 i - 6 potions of heal wounds {unknown}
 m - 2 potions of attraction {!q}
 n - 4 potions of enlightenment
 q - 2 potions of brilliance {unknown}
 r - 3 potions of haste {@q3}
 v - a potion of resistance {unknown}
 w - 2 potions of magic {unknown}
 z - 3 potions of mutation {unknown}
 G - 4 potions of curing {unknown}

Dungeon Overview and Level Annotations

Branches:
Dungeon (12/15)            Temple (1/1) D:4            Lair (0/5) D:8
    Orc (0/2) D:11         Bailey (visited)

Altars:
Ashenzari
Cheibriados
Dithmenos
Elyvilon
Fedhas
Gozag
Hepliaklqana
Kikubaaqudgha
Makhleb
Nemelex Xobeh
Okawaru
Qazlal
Ru
Sif Muna
Trog
Uskayaw
Vehumet
Wu Jian
Xom
Yredelemnul
Zin
The Shining One

Shops:
D:9 *   D:10 (

Annotations:
D:8 exclusion: downstairs
D:11 exclusion: downstairs
D:12 Frances

. ▒▒ . .. .▒. ▒ . .▒
▒. #▒.. .▒▒4 . .▒
...▒▒.. ▒.▒X . .
..▒.▒. _.▒▒..▒ ▒.
.▒....▒▒.....▒ . ▒. ▒
▒▒..▒.▒...▒. ▒ . ▒
▒...▒.▒...▒H.▒▒▒ ▒
▒...▒.▒.......X▒▒.▒.▒
. ...▒.▒▒.h.▒...▒ ▒
.. ▒▒...▒▒ x..▒▒... ▒
▒.▒.....▒▒.▒ .▒. ...
.▒. .........▒....▒ .
▒... .▒▒▒▒▒....
..▒▒.▒ ..▒ ▒▒ . ..
▒▒▒ ▒ .....▒ . .▒
▒▒▒▒ . .▒▒


You could see a tentacled starspawn, a large abomination, an ice devil and a
raiju.


Message History

The neqoxec shouts!
You block the large abomination's attack.
You block the raiju's attack. The neqoxec is attracted toward you.
Unknown command.
Unknown command.
A tentacled starspawn comes into view.
Found an abyssal rune of Zot.
The raiju bursts into living lightning!
The living lightning misses you.
The raiju blinks!
Unknown command.
The brown very ugly thing gurgles horribly!
You hear a shout!
You hear a horrible gurgling sound!
The neqoxec gestures at you. Something gnaws on your mind!
* * * LOW HITPOINT WARNING * * *
You feel your power leaking away.
Unknown command.
You thump the large abomination!
You headbutt the large abomination, but do no damage.
The large abomination is moderately damaged.
You block the large abomination's attack.
Unknown command.
You puncture the large abomination! You headbutt the large abomination!
The large abomination is severely damaged.
The large abomination hits you!!
You die...

Action                     |  1- 3 |  4- 6 |  7- 9 | 10-12 | 13-15 || total
---------------------------+-------+-------+-------+-------+-------++-------
  Melee: Flail             |    98 |    93 |    46 |       |       ||   237
         Headbutt          |    13 |    18 |    61 |    80 |   119 ||   291
         Morningstar       |       |       |   220 |   320 |   324 ||   864
 Invoke: Divine Shield     |       |       |       |     3 |     3 ||     6
  Evoke: Wand              |       |       |       |     4 |     3 ||     7
    Use: Scroll            |       |       |       |     6 |     1 ||     7
         Potion            |       |       |       |     2 |     3 ||     5
 Armour: Scale mail        |    57 |    52 |    21 |       |       ||   130
         Ring mail         |       |       |    77 |    35 |       ||   112
         Swamp dragon scal |       |       |       |   129 |    98 ||   227
         Chain mail        |       |       |       |     7 |       ||     7
  Dodge: Dodged            |    36 |    29 |    62 |   102 |    83 ||   312
         Repelled          |       |     1 |       |       |       ||     1
  Block: Buckler           |    18 |    11 |   113 |    55 |       ||   197
         Reflection        |       |       |     2 |    16 |    10 ||    28
         Kite shield       |       |       |       |   193 |   226 ||   419

Levels and vault maps discovered:
D:1:      dpeg_arrival_three_bigger_balls, layout_rooms
D:2:      layout_rooms, uniq_natasha, uniq_terence
D:3:      layout_basic, shapermc_ecumenical_altar_mp_highgroup, uniq_grinder
D:4:      layout_gridville, temple_green, uniq_blork_the_orc
D:5:      lemuel_ratsnest, layout_loops_corners,
          pdpol_wu_jian_five_deadly_venoms, uniq_duvessa, uniq_prince_ribbit1,
          uniq_eustachio
D:6:      minmay_octagon_keep, layout_gridville,
          mainiacjoe_overflow_six_doors_small, uniq_jeremiah, uniq_edmund
D:7:      minmay_chambers_of_fours, layout_basic,
          mainiacjoe_overflow_large_starburst, uniq_crazy_yiuf_cottage
D:8:      minmay_diamond_stairs, layout_gridville,
          lemuel_coloured_pillars_altar, due_lair_maze_entry_diamond,
          uniq_maggie, uniq_pikel
D:9:      layout_small_grid, nicolae_shop_overcharged_wands, uniq_joseph,
          uniq_maurice
D:10:     layout_basic, lightli_temple_of_fire, serial_shops, shop,
          enter_bailey_7, ebering_dispersal_statue_hall, uniq_sonja
D:11:     layout_cave_pools, orc_0_dummy, uniq_psyche
D:12:     nzn_winding_woodlands_medium [nzn_winding_woodlands_5x5_default,
          nzn_winding_woodlands_5x15_pockets, nzn_winding_woodlands_5x5_three,
          nzn_winding_woodlands_5x5_checkerboard,
          nzn_winding_woodlands_center_pierced_h,
          nzn_winding_woodlands_5x5_closed_star,
          nzn_winding_woodlands_5x5_open_star,
          nzn_winding_woodlands_5x15_river_crossing,
          nzn_winding_woodlands_hourglass], layout_basic,
          kennysheep_okawaru_gauntlet, uniq_frances
Temple:   nicolae_temple_superstar
Abyss:4:  base: D:3, bh_abyss_xom_lugonu_altar, doesnt_abyss_rune_brain_food,
          evilmike_abyss_exit_12

Notes
Turn   | Place    | Note
-------+----------+-------------------------------------------
     0 | D:1      | sanka the Minotaur Fighter began the quest for the Orb.
     0 | D:1      | Reached XP level 1. HP: 19/19 MP: 0/0
   142 | D:1      | Reached skill level 4 in Fighting
   146 | D:1      | Reached skill level 3 in Maces & Flails
   146 | D:1      | Reached XP level 2. HP: 27/27 MP: 1/1
   390 | D:1      | Reached skill level 4 in Maces & Flails
   392 | D:1      | Reached XP level 3. HP: 32/33 MP: 2/2
   729 | D:2      | Noticed Natasha
   734 | D:2      | Killed Natasha
   735 | D:2      | Reached skill level 5 in Maces & Flails
   735 | D:2      | Reached XP level 4. HP: 36/40 MP: 3/3
   850 | D:2      | Noticed Terence
   855 | D:2      | Killed Terence
   933 | D:2      | Noticed Natasha
   939 | D:2      | Killed Natasha
   940 | D:2      | Reached skill level 6 in Maces & Flails
  1029 | D:2      | Noticed Natasha
  1035 | D:2      | Killed Natasha
  1036 | D:2      | Reached XP level 5. HP: 46/46 MP: 4/4
  1226 | D:3      | Noticed Grinder
  1245 | D:3      | Paralysed by Grinder for 3 turns
  1248 | D:3      | Killed Grinder
  1249 | D:3      | Reached skill level 8 in Maces & Flails
  1249 | D:3      | Reached XP level 6. HP: 25/52 MP: 5/5
  1352 | D:3      | Found a faded altar of an unknown god.
  2097 | D:4      | Reached skill level 9 in Maces & Flails
  2235 | D:4      | Identified the +0 leather armour of the Dungeon {Harm
                  | Regen+ Dex+3}
  2339 | D:4      | Found a staircase to the Ecumenical Temple.
  2372 | Temple   | Entered the Ecumenical Temple
  2381 | Temple   | Became a worshipper of the Shining One
  2412 | D:4      | Reached XP level 7. HP: 59/59 MP: 6/6
  2608 | D:4      | Noticed Blork the orc
  2626 | D:4      | Killed Blork the orc
  2790 | D:5      | Entered Level 5 of the Dungeon
  3061 | D:5      | Reached skill level 10 in Maces & Flails
  3306 | D:5      | Noticed Prince Ribbit
  3331 | D:5      | Killed Prince Ribbit
  3332 | D:5      | Reached skill level 11 in Maces & Flails
  3332 | D:5      | Reached XP level 8. HP: 66/66 MP: 7/7
  3399 | D:5      | Found an ornate altar of the Wu Jian Council.
  3473 | D:5      | Noticed Dowan
  3473 | D:5      | Noticed Duvessa
  3492 | D:5      | Killed Duvessa
  3495 | D:5      | Killed Dowan
  3550 | D:5      | Reached skill level 12 in Maces & Flails
  3702 | D:5      | Noticed Eustachio
  3714 | D:5      | Killed Eustachio
  3715 | D:5      | Reached skill level 4 in Armour
  3839 | D:5      | Reached skill level 5 in Fighting
  3858 | D:5      | Reached skill level 5 in Armour
  3938 | D:5      | Reached * piety under the Shining One
  3953 | D:5      | Reached skill level 6 in Fighting
  4132 | D:6      | Reached skill level 6 in Armour
  4240 | D:6      | Reached XP level 9. HP: 78/78 MP: 8/8
  4470 | D:6      | Reached skill level 7 in Fighting
  4478 | D:6      | Noticed Jeremiah
  4493 | D:6      | Reached skill level 7 in Armour
  4500 | D:6      | Killed Jeremiah
  4600 | D:6      | Reached skill level 8 in Fighting
  4715 | D:6      | Found a blossoming altar of Fedhas.
  4847 | D:6      | Reached skill level 8 in Armour
  4981 | D:6      | Noticed Edmund
  4987 | D:6      | Killed Edmund
  5143 | D:6      | Reached ** piety under the Shining One
  5146 | D:6      | Reached skill level 9 in Fighting
  5316 | D:6      | Reached skill level 9 in Armour
  5820 | D:7      | Found a broken altar of Ashenzari.
  5820 | D:7      | Found a bloodstained altar of Trog.
  5853 | D:7      | Identified the +4 robe of Dramatic Exits {Will+}
  5920 | D:7      | Reached skill level 4 in Shields
  5920 | D:7      | Reached skill level 1 in Invocations
  5920 | D:7      | Reached XP level 10. HP: 86/91 MP: 9/9
  6297 | D:7      | Noticed a gargoyle
  6320 | D:7      | Reached skill level 2 in Invocations
  6331 | D:7      | Killed a gargoyle
  6332 | D:7      | Reached skill level 10 in Fighting
  6332 | D:7      | Reached skill level 5 in Shields
  6426 | D:7      | Reached skill level 10 in Armour
  6502 | D:7      | Reached skill level 3 in Invocations
  6696 | D:7      | Found a runed translucent door.
  6697 | D:7      | Noticed Crazy Yiuf
  6950 | D:7      | Killed Crazy Yiuf
  6997 | D:8      | Identified +0 swamp dragon scales
  6997 | D:8      | Noticed Maggie
  7007 | D:8      | Killed Maggie
  7008 | D:8      | Reached skill level 4 in Invocations
  7110 | D:8      | Noticed an arcanist
  7116 | D:8      | Killed an arcanist
  7117 | D:8      | Reached skill level 5 in Invocations
  7245 | D:8      | Reached skill level 1 in Dodging
  7273 | D:8      | Reached skill level 6 in Shields
  7280 | D:8      | Reached skill level 2 in Dodging
  7342 | D:8      | Found a staircase to the Lair.
  7358 | D:8      | Identified +0 steam dragon scales
  7359 | D:8      | Reached XP level 11. HP: 79/101 MP: 13/13
  7578 | D:8      | Found a basalt altar of Yredelemnul.
  7652 | D:8      | Noticed Pikel
  7662 | D:8      | Killed Pikel
  7830 | D:9      | Reached skill level 3 in Dodging
  7875 | D:9      | Noticed Joseph
  7897 | D:9      | Killed Joseph
  7898 | D:9      | Reached skill level 11 in Fighting
  7909 | D:9      | Noticed Maurice
  7915 | D:9      | Maurice stole an amulet of faith
  7925 | D:9      | Maurice stole a +0 scimitar of flaming
  7926 | D:9      | Killed Maurice
  7927 | D:9      | Reached skill level 11 in Armour
  7927 | D:9      | Reached skill level 7 in Shields
  8000 | D:9      | Found Ysheng's Overcharged Wands.
  8218 | D:9      | Noticed a two-headed ogre
  8227 | D:9      | Reached *** piety under the Shining One
  8234 | D:9      | Killed a two-headed ogre
  8235 | D:9      | Reached skill level 4 in Dodging
  8557 | D:9      | Noticed a two-headed ogre
  8568 | D:9      | Killed a two-headed ogre
  8876 | D:8      | Noticed a green ugly thing
  8885 | D:8      | Killed a green ugly thing
  9024 | D:10     | Entered Level 10 of the Dungeon
  9052 | D:10     | Found a burning altar of Makhleb.
  9081 | D:10     | Found a flagged portal.
  9101 | Bailey   | Entered a bailey
  9114 | Bailey   | Noticed an orc warlord
  9114 | Bailey   | Found the ring of the Mage {Wiz Archmagi}
  9187 | Bailey   | Reached skill level 5 in Dodging
  9187 | Bailey   | Reached skill level 8 in Shields
  9202 | Bailey   | Found a runed translucent gate.
  9203 | Bailey   | Found a runed translucent gate.
  9204 | Bailey   | Found a runed translucent gate.
  9376 | Bailey   | Killed an orc warlord
  9398 | Bailey   | Reached skill level 15 in Maces & Flails
  9398 | Bailey   | Reached XP level 12. HP: 112/112 MP: 14/14
  9455 | D:10     | Noticed a two-headed ogre
  9461 | D:10     | Killed a two-headed ogre
  9593 | D:10     | Noticed Sonja
  9609 | D:10     | Killed Sonja
  9610 | D:10     | Reached skill level 12 in Fighting
  9691 | D:10     | Found Udoychij's Weapon Boutique.
  9700 | D:10     | Reached skill level 12 in Armour
 10486 | D:11     | Noticed a rakshasa
 10486 | D:11     | Noticed a six-headed hydra
 10499 | D:10     | Killed a rakshasa
 10500 | D:10     | Reached skill level 6 in Dodging
 10537 | D:11     | Killed a six-headed hydra
 10538 | D:11     | Reached XP level 13. HP: 79/118 MP: 12/15
 10631 | D:10     | Reached skill level 9 in Shields
 10981 | D:11     | Noticed Psyche
 10997 | D:11     | Killed Psyche
 11238 | D:11     | Reached **** piety under the Shining One
 11334 | D:11     | Found a staircase to the Orcish Mines.
 11378 | D:11     | Identified the +0 leather armour of Baldness {rF+ Slay+3}
 11397 | D:11     | Reached skill level 7 in Dodging
 11654 | D:12     | Found an iron altar of Okawaru.
 11669 | D:12     | Identified +0 acid dragon scales
 11680 | D:12     | Noticed Frances
 11817 | D:12     | Reached skill level 13 in Fighting
 11817 | D:12     | Reached skill level 13 in Armour
 11922 | D:12     | Reached skill level 10 in Shields
 11948 | D:12     | Reached skill level 16 in Maces & Flails
 12428 | D:12     | Reached skill level 8 in Dodging
 13247 | Abyss:4  | Cast into level 4 of the Abyss (Frances)
 13318 | Abyss:4  | Reached ***** piety under the Shining One
 13372 | Abyss:4  | Reached skill level 11 in Shields
 13394 | Abyss:4  | Reached XP level 14. HP: 82/130 MP: 16/16
 13396 | Abyss:4  | Found a corrupted altar of Lugonu.
 13424 | Abyss:4  | HP: 5/130 [raiju/living lightning (11)]
 13428 | Abyss:4  | Noticed a tentacled starspawn
 13429 | Abyss:4  | Noticed a brown very ugly thing
 13429 | Abyss:4  | HP: 1/130 [neqoxec/psychic fangs (6)]
 13431 | Abyss:4  | Demolished by a large abomination

Vanquished Creatures
  An orc warlord (Bailey)
  A hydra (D:11)
  2 rakshasas
  4 boulder beetles (D:12)
  7 two-headed ogres
  A demonic crawler (Abyss:4)
  Sonja (D:10)
  4 skeletal warriors
  An arcanist (D:8)
  A glowing orange brain (Abyss:4)
  A phantasmal warrior (D:12)
  Pikel (D:8)
  A deep elf pyromancer (D:12)
  Maurice (D:9)
  3 ugly things
  3 cyclopes
  2 large abominations (Abyss:4)
  Joseph (D:9)
  2 gargoyles
  A kobold demonologist (D:8)
  Jeremiah (D:6)
  Maggie (D:8)
  2 komodo dragons
  A yaktaur (D:12)
  Psyche (D:11)
  7 trolls
  Grinder (D:3)
  Prince Ribbit (D:5)
  A raiju (Abyss:4)
  8 slime creatures
  A vampire (D:12)
  3 shadows
  A water elemental (D:12)
  2 yaks (D:8)
  2 wyverns
  Eustachio (D:5)
  2 wraiths
  A basilisk (D:12)
  A steam dragon (D:8)
  10 vampire mosquitoes
  Edmund (D:6)
  Duvessa (D:5)
  5 acid dragons
  5 water moccasins
  6 orc warriors
  3 ice beasts
  4 sky beasts
  2 black bears
  3 ogres
  8 centaurs
  A lemure (D:8)
  2 phantoms (D:5)
  Blork the orc (D:4)
  A weeping skull (Abyss:4)
  7 bullfrogs
  6 scorpions
  A gnoll sergeant (D:8)
  14 wights
  Dowan (D:5)
  11 killer bees
  A howler monkey (D:6)
  2 bombardier beetles (D:5)
  4 jellies (D:6)
  A quasit (Abyss:4)
  Crazy Yiuf (D:7)
  4 orc priests
  5 hounds
  4 iguanas
  A sleepcap (D:7)
  Natasha (thrice) (D:2)
  3 orc wizards (D:7)
  Terence (D:2)
  10 gnolls
  5 adders
  11 river rats (D:5)
  A shadow imp (D:6)
  A white imp (D:6)
  2 ribbon worms (D:4)
  3 dart slugs
  15 orcs
  5 endoplasms
  4 giant cockroaches
  11 goblins
  6 hobgoblins
  4 jackals (D:1)
  18 kobolds
  12 quokkas
  3 ball pythons
  5 bats
  8 frilled lizards
  22 rats
346 creatures vanquished.

Vanquished Creatures (others)
  A deep elf pyromancer (D:12)
  A manticore (D:12)
2 creatures vanquished.

Grand Total: 348 creatures vanquished
